Rangers vs Senators

Created - March 17, 2015 at 19:26

Goals
1 2 3 T
Rangers 0 1 0 1
Senators 4 1 0 5
Shots
1 2 3 T
Rangers 4 8 7 19
Senators 16 14 16 46

1st period

1. Senators , Dave Bolland 13 (Ron Hainsey, Mika Zibanejad) at 1:00
2. Senators , Mason Raymond 9 (Jared Cowen, Ron Hainsey) at 5:54
3. Senators , Jared Cowen 9 (Dave Bolland, Mika Zibanejad) at 9:54
4. Senators , Sidney Crosby 46 (Ron Hainsey, Gustav Nyquist) at 16:58

Penalties :
Anton Volchenkov (NYR) for Tripping (Minor) at 3:27, Mikael Backlund (NYR) for Interference (Minor) at 13:29, Derek Morris (NYR) for Slashing (Minor) at 19:54

2nd period

5. Senators , Mason Raymond 10 (Dave Bolland, Ron Hainsey) at 4:34
6. Rangers , David Legwand 12 (Kris Russell, Steve Downie) at 16:44

Penalties :
Dave Bolland (OTT) for Tripping (Minor) at 2:07, Anton Volchenkov (NYR) for Hooking (Minor) at 2:07, Anton Volchenkov (NYR) for Slashing (Minor) at 10:03, Travis Moen (OTT) for Boarding (Minor) at 17:54, Kris Russell (NYR) for High sticking (Minor) at 17:54

3rd period

No Goal

Penalties :
No Penalty

Goalie Stats

Brian Elliott (NYR), 11 saves from 15 shots - (0.733), L, 20-20-6, 16:58 minutes
Jean-Sebastien Giguere (NYR), 30 saves from 31 shots - (0.968), 43:02 minutes
Carey Price (OTT), 18 saves from 19 shots - (0.947), W, 45-8-3, 60:00 minutes

Players Stats for Rangers

Player Name              G  A  P  +/- PIM S  H  SB GA TA FO     MP     PP MP  PK MP  
------------------------------------------------------------------------------------
Alex Goligoski           0  0  0  -1  0   1  2  5  0  0  0/0    28:16   0:00   4:43 
Anton Volchenkov         0  0  0  -3  6   2  1  2  0  0  0/0    16:52   0:00   0:00 
Benoit Pouliot           0  0  0   0  0   0  0  0  0  0  0/0     9:17   0:00   1:02 
Chris Tanev              0  0  0  -1  0   2  1  1  0  0  0/0    26:19   0:00   4:32 
Craig Smith              0  0  0  -1  0   1  1  0  0  0  2/9    18:07   0:00   4:52 
David Legwand            1  0  1  -1  0   2  0  1  0  0  8/19   14:56   0:00   0:21 
Derek Morris             0  0  0  -1  2   0  0  1  0  0  0/0    16:59   0:00   0:30 
Devin Setoguchi          0  0  0  -1  0   0  1  0  0  0  0/0     7:14   0:00   0:00 
Jaromir Jagr             0  0  0  -1  0   0  0  0  0  0  0/0    18:55   0:00   2:27 
Joffrey Lupul            0  0  0  -1  0   1  3  1  0  0  1/1    17:55   0:00   0:49 
Karl Alzner              0  0  0  -2  0   0  0  3  0  0  0/0     7:30   0:00   2:24 
Kris Russell             0  1  1  -1  2   3  1  0  0  0  0/0    22:15   0:00   3:43 
Mark Letestu             0  0  0  -1  0   1  0  0  0  0  4/10    7:14   0:00   0:00 
Mikael Backlund          0  0  0  -1  2   3  1  0  0  0  11/19  20:58   0:00   3:54 
Sean Couturier           0  0  0  -1  0   0  0  0  0  0  9/20   19:03   0:00   2:27 
Steve Downie             0  1  1  -1  0   2  1  0  0  0  0/1    11:09   0:00   0:00 
Tomas Tatar              0  0  0  -1  0   0  1  0  0  0  0/0    11:46   0:00   0:00 
Tyler Ennis              0  0  0  -1  0   1  1  0  0  0  0/1    13:15   0:00   0:00 

Players Stats for Senators

Player Name              G  A  P  +/- PIM S  H  SB GA TA FO     MP     PP MP  PK MP  
------------------------------------------------------------------------------------
Dave Bolland             1  2  3   4  2   3  1  0  0  0  7/12   10:37   0:00   0:00 
Duncan Keith             0  0  0  -1  0   3  2  3  0  0  0/0    24:35   4:05   0:00 
Erik Gustafsson          0  0  0   0  0   0  0  0  0  0  0/0     7:43   3:51   0:00 
Frans Nielsen            0  0  0   0  0   7  0  0  0  0  17/30  20:52   4:03   0:00 
Gustav Nyquist           0  1  1   0  0   4  1  0  0  0  0/1    21:14   3:53   0:00 
Jan Hejda                0  0  0   0  0   0  0  0  0  0  0/0    15:45   0:00   0:00 
Jared Cowen              1  1  2   5  0   2  2  1  0  0  0/0    19:59   3:46   0:00 
Lubomir Visnovsky        0  0  0  -1  0   0  1  2  0  0  0/0    20:06   0:00   0:00 
Marc Staal               0  0  0   0  0   1  0  1  0  0  0/0    21:42   4:10   0:00 
Mark Stone               0  0  0   0  0   1  0  0  0  0  0/0     5:16   0:00   0:00 
Martin St. Louis         0  0  0   0  0   4  1  0  0  0  0/1    23:14   3:53   0:00 
Mason Raymond            2  0  2   4  0   5  0  0  0  0  0/0    10:38   0:00   0:00 
Mika Zibanejad           0  2  2   4  0   2  2  0  0  0  2/4    15:54   0:00   0:00 
Patrick Sharp            0  0  0   0  0   2  1  0  0  0  1/2    20:52   4:03   0:00 
Pavel Datsyuk            0  0  0   0  0   2  3  0  0  0  0/0    18:54   4:03   0:00 
Ron Hainsey              0  4  4   5  0   1  0  0  0  0  0/0    10:10   0:00   0:00 
Sidney Crosby            1  0  1   0  0   9  3  0  0  0  17/28  23:14   3:53   0:00 
Travis Moen              0  0  0   0  2   0  0  0  0  0  1/2     5:15   0:00   0:00 

3 Stars

1 - Ron Hainsey (OTT)
2 - Jared Cowen (OTT)
3 - Mason Raymond (OTT)

Power Play

Rangers - 0 on 0 Attempt(s) - 0.00%
Senators - 0 on 4 Attempt(s) - 0.00%

Penalty Kill

Rangers - 4 on 4 Attempt(s) - 100.00% - Score 0 goal in Penalty Kill
Senators - 0 on 0 Attempt(s) - 0.00% - Score 0 goal in Penalty Kill

Team Stat

Rangers - Hits : 14 - Faceoff Wins : 35 - Blocked Shots : 14 - Penalty Minutes : 12
Senators - Hits : 17 - Faceoff Wins : 45 - Blocked Shots : 7 - Penalty Minutes : 4

Official

Referees : Justin StPierre and Chris Lee
Linesman : Vaughan Rody and Brian Mach

Game Notes

Jean-Sebastien Giguere enters game at 16:58 of 1st period
Karl Alzner is injured at 2:58 of 2nd period (Right Knee)

Finance

Level 1 -- Attendance: 6451 (99.25%) -- Ticket Income $645,100
Level 2 -- Attendance: 4788 (95.76%) -- Ticket Income $287,280
Level 3 -- Attendance: 3446 (98.46%) -- Ticket Income $120,610
Level 4 -- Attendance: 2557 (81.10%) -- Ticket Income $76,710
Luxury Box -- Attendance: 627 (62.70%) -- Ticket Income $156,750
Game was played at the Canadian Tire Centre'
Total Attendance: 17869 (93.30%)
Total Ticket Income: $1,286,450
Other Income: $192,968
Total Income: $1,479,418

% Time on Ice - Rangers

Lines # - Real PCT - Wanted PCT - Time Play
Normal Forward
1 - 34% - 40% - 16:28
2 - 28% - 30% - 13:15
3 - 23% - 20% - 11:09
4 - 15% - 10% - 7:14
Normal Defense
1 - 31% - 40% - 14:42
2 - 31% - 30% - 15:09
3 - 36% - 20% - 17:17
4 - 2% - 10% - 0:58
PP Forward
1 - 0% - 60%
2 - 0% - 40%
PP Defense
1 - 0% - 60%
2 - 0% - 40%
PK Forward
1 - 69% - 60% - 5:29
2 - 31% - 40% - 2:27
PK Defense
1 - 47% - 60% - 3:43
2 - 53% - 40% - 4:13
PK3 Forward
1 - 0% - 60%
2 - 0% - 40%
PK3 Defense
1 - 0% - 60%
2 - 0% - 40%
44 Forward
1 - 84% - 60% - 3:21
2 - 16% - 40% - 0:37
44 Defense
1 - 74% - 60% - 2:57
2 - 26% - 40% - 1:01
Last Minute Offensive  - 0:00
Last Minute Defensive  - 0:00
Total
Forward - 60:00
Defense - 60:00

% Time on Ice - Senators

Lines # - Real PCT - Wanted PCT - Time Play
Normal Forward
1 - 36% - 40% - 17:21
2 - 31% - 30% - 14:51
3 - 22% - 20% - 10:38
4 - 11% - 10% - 5:16
Normal Defense
1 - 38% - 38% - 18:19
2 - 33% - 32% - 15:45
3 - 21% - 20% - 10:10
4 - 8% - 10% - 3:52
PP Forward
1 - 49% - 50% - 3:53
2 - 51% - 50% - 4:03
PP Defense
1 - 47% - 50% - 3:46
2 - 53% - 50% - 4:10
PK Forward
1 - 0% - 50%
2 - 0% - 50%
PK Defense
1 - 0% - 50%
2 - 0% - 50%
PK3 Forward
1 - 0% - 50%
2 - 0% - 50%
PK3 Defense
1 - 0% - 50%
2 - 0% - 50%
44 Forward
1 - 50% - 52% - 1:58
2 - 50% - 48% - 2:00
44 Defense
1 - 45% - 52% - 1:47
2 - 55% - 48% - 2:11
Last Minute Offensive  - 0:00
Last Minute Defensive  - 0:00
Total
Forward - 60:00
Defense - 60:00

Play by Play

1st period


0:01 of 1st period - Mikael Backlund wins face-off versus Sidney Crosby in neutral zone.
0:31 of 1st period - Shot by Sidney Crosby.
0:31 of 1st period - Stopped by Brian Elliott without a rebound.
0:32 of 1st period - Sean Couturier wins face-off versus Frans Nielsen in Rangers zone.
0:41 of 1st period - Shot by Tyler Ennis.
0:41 of 1st period - Shot Blocked by Marc Staal.
0:43 of 1st period - Shot by Craig Smith.
0:43 of 1st period - Shot Misses the Net.
0:45 of 1st period - Shot by Craig Smith.
0:45 of 1st period - Stopped by Carey Price without a rebound.
0:46 of 1st period - Dave Bolland wins face-off versus Steve Downie in Senators zone.
0:46 of 1st period - Dave Bolland is hit by Steve Downie.
1:00 of 1st period - Shot by Dave Bolland.
1:00 of 1st period - Goal by Dave Bolland - Rangers : 0 - Senators : 1.
1:01 of 1st period - Mark Letestu wins face-off versus Patrick Sharp in neutral zone.
1:14 of 1st period - Shot by Benoit Pouliot.
1:14 of 1st period - Shot Misses the Net.
1:39 of 1st period - Shot by Pavel Datsyuk.
1:39 of 1st period - Shot Misses the Net.
1:41 of 1st period - Shot by Patrick Sharp.
1:41 of 1st period - Shot Misses the Net.
1:50 of 1st period - Icing by Benoit Pouliot.
1:51 of 1st period - Sidney Crosby wins face-off versus Mark Letestu in Rangers zone.
1:58 of 1st period - Shot by Martin St. Louis.
1:58 of 1st period - Stopped by Brian Elliott without a rebound.
1:59 of 1st period - Mika Zibanejad wins face-off versus Sean Couturier in Rangers zone.
2:30 of 1st period - Shot by Sean Couturier.
2:30 of 1st period - Shot Blocked by Duncan Keith.
2:34 of 1st period - Shot by Chris Tanev.
2:34 of 1st period - Shot Blocked by Lubomir Visnovsky.
3:27 of 1st period - Minor Penalty to Anton Volchenkov for Tripping.
3:28 of 1st period - Frans Nielsen wins face-off versus Craig Smith in Rangers zone.
4:44 of 1st period - Shot by Sidney Crosby.
4:44 of 1st period - Deflect By Gustav Nyquist.
4:44 of 1st period - Shot Misses the Net.
4:46 of 1st period - Shot by Gustav Nyquist.
4:46 of 1st period - Stopped by Brian Elliott without a rebound.
4:47 of 1st period - Sidney Crosby wins face-off versus Craig Smith in Rangers zone.
4:50 of 1st period - Shot by Martin St. Louis.
4:50 of 1st period - Shot Misses the Net.
4:52 of 1st period - Shot by Martin St. Louis.
4:52 of 1st period - Shot Misses the Net.
4:54 of 1st period - Shot by Jared Cowen.
4:54 of 1st period - Stopped by Brian Elliott without a rebound.
4:55 of 1st period - Sidney Crosby wins face-off versus Craig Smith in Rangers zone.
5:52 of 1st period - Shot by Mason Raymond.
5:52 of 1st period - Shot Hit the Post.
5:54 of 1st period - Shot by Mason Raymond.
5:54 of 1st period - Goal by Mason Raymond - Rangers : 0 - Senators : 2.
5:55 of 1st period - Frans Nielsen wins face-off versus Mark Letestu in neutral zone.
6:31 of 1st period - Icing by Duncan Keith.
6:32 of 1st period - David Legwand wins face-off versus Frans Nielsen in Senators zone.
7:00 of 1st period - Shot by Tomas Tatar.
7:00 of 1st period - Shot Blocked by Lubomir Visnovsky.
7:03 of 1st period - Icing by Frans Nielsen.
7:04 of 1st period - Frans Nielsen wins face-off versus Mikael Backlund in Senators zone.
7:04 of 1st period - Frans Nielsen is hit by Mikael Backlund.
7:30 of 1st period - Shot by Kris Russell.
7:30 of 1st period - Stopped by Carey Price without a rebound.
7:31 of 1st period - Dave Bolland wins face-off versus Sean Couturier in Senators zone.
7:31 of 1st period - Dave Bolland is hit by Tyler Ennis.
8:09 of 1st period - Shot by Dave Bolland.
8:09 of 1st period - Stopped by Brian Elliott without a rebound.
8:10 of 1st period - Joffrey Lupul wins face-off versus Sidney Crosby in Rangers zone.
8:10 of 1st period - Joffrey Lupul is hit by Sidney Crosby.
8:13 of 1st period - Icing by Alex Goligoski.
8:14 of 1st period - Mikael Backlund wins face-off versus Sidney Crosby in Rangers zone.
8:14 of 1st period - Mikael Backlund is hit by Sidney Crosby.
8:17 of 1st period - Icing by Alex Goligoski.
8:18 of 1st period - Mikael Backlund wins face-off versus Sidney Crosby in Rangers zone.
8:33 of 1st period - Shot by Gustav Nyquist.
8:33 of 1st period - Shot Misses the Net.
9:52 of 1st period - Shot by Dave Bolland.
9:52 of 1st period - Shot Misses the Net.
9:54 of 1st period - Shot by Jared Cowen.
9:54 of 1st period - Goal by Jared Cowen - Rangers : 0 - Senators : 3.
9:55 of 1st period - David Legwand wins face-off versus Frans Nielsen in neutral zone.
10:00 of 1st period - Shot by Anton Volchenkov.
10:00 of 1st period - Shot Blocked by Duncan Keith.
10:14 of 1st period - Shot by Steve Downie.
10:14 of 1st period - Shot Misses the Net.
10:16 of 1st period - Shot by Anton Volchenkov.
10:16 of 1st period - Stopped by Carey Price without a rebound.
10:17 of 1st period - Mark Letestu wins face-off versus Dave Bolland in Senators zone.
10:17 of 1st period - Alex Goligoski is hit by Jared Cowen and loses puck.
10:47 of 1st period - Mika Zibanejad is hit by Alex Goligoski and loses puck.
10:58 of 1st period - Shot by Mark Letestu.
10:58 of 1st period - Stopped by Carey Price without a rebound.
10:59 of 1st period - Mikael Backlund wins face-off versus Sidney Crosby in Senators zone.
11:40 of 1st period - Shot by Gustav Nyquist.
11:40 of 1st period - Stopped by Brian Elliott without a rebound.
11:41 of 1st period - Sean Couturier wins face-off versus Frans Nielsen in Rangers zone.
11:50 of 1st period - Alex Goligoski is hit by Pavel Datsyuk and loses puck.
13:01 of 1st period - Shot by Jaromir Jagr.
13:01 of 1st period - Shot Misses the Net.
13:03 of 1st period - Shot by Karl Alzner.
13:03 of 1st period - Shot Misses the Net.
13:29 of 1st period - Minor Penalty to Mikael Backlund for Interference.
13:30 of 1st period - Craig Smith wins face-off versus Sidney Crosby in Rangers zone.
13:48 of 1st period - Shot by Gustav Nyquist.
13:48 of 1st period - Stopped by Brian Elliott without a rebound.
13:49 of 1st period - Frans Nielsen wins face-off versus Craig Smith in Rangers zone.
14:03 of 1st period - Shot by Pavel Datsyuk.
14:03 of 1st period - Deflect By Patrick Sharp.
14:03 of 1st period - Shot Blocked by Karl Alzner.
14:05 of 1st period - Shot by Duncan Keith.
14:05 of 1st period - Stopped by Brian Elliott with a rebound.
14:07 of 1st period - Shot by Patrick Sharp.
14:07 of 1st period - Shot Misses the Net.
14:09 of 1st period - Shot by Duncan Keith.
14:09 of 1st period - Shot Hit the Post.
14:21 of 1st period - Shot by Duncan Keith.
14:21 of 1st period - Stopped by Brian Elliott without a rebound.
14:22 of 1st period - Sidney Crosby wins face-off versus Sean Couturier in Rangers zone.
15:34 of 1st period - Shot by Mason Raymond.
15:34 of 1st period - Stopped by Brian Elliott with a rebound.
15:45 of 1st period - Steve Downie is hit by Duncan Keith and loses puck.
16:15 of 1st period - Mason Raymond is hit by Tomas Tatar and loses puck.
16:44 of 1st period - Shot by Frans Nielsen.
16:44 of 1st period - Stopped by Brian Elliott without a rebound.
16:45 of 1st period - Sidney Crosby wins face-off versus Mikael Backlund in Rangers zone.
16:58 of 1st period - Shot by Sidney Crosby.
16:58 of 1st period - Goal by Sidney Crosby - Rangers : 0 - Senators : 4.
16:58 of 1st period - Jean-Sebastien Giguere enters game.
16:59 of 1st period - Frans Nielsen wins face-off versus Sean Couturier in neutral zone.
18:08 of 1st period - Icing by Patrick Sharp.
18:09 of 1st period - Frans Nielsen wins face-off versus Mikael Backlund in Senators zone.
18:09 of 1st period - Marc Staal is hit by Joffrey Lupul and loses puck.
18:55 of 1st period - Off-side.
18:56 of 1st period - Dave Bolland wins face-off versus David Legwand in neutral zone.
19:09 of 1st period - Shot by Mason Raymond.
19:09 of 1st period - Stopped by Jean-Sebastien Giguere without a rebound.
19:10 of 1st period - Mark Letestu wins face-off versus Sidney Crosby in Rangers zone.
19:47 of 1st period - Shot by Martin St. Louis.
19:47 of 1st period - Deflect By Sidney Crosby.
19:47 of 1st period - Shot Blocked by Chris Tanev.
19:54 of 1st period - Minor Penalty to Derek Morris for Slashing.
19:55 of 1st period - Craig Smith wins face-off versus Frans Nielsen in Rangers zone.
Goals for this period are 0 for Rangers vs 4 for Senators.
Shots for this period are 4 for Rangers vs 16 for Senators.

2nd period


0:01 of 2nd period - Patrick Sharp wins face-off versus Craig Smith in neutral zone.
1:26 of 2nd period - Shot by Sidney Crosby.
1:26 of 2nd period - Stopped by Jean-Sebastien Giguere without a rebound.
1:27 of 2nd period - Sean Couturier wins face-off versus Sidney Crosby in Rangers zone.
1:54 of 2nd period - Shot by Martin St. Louis.
1:54 of 2nd period - Shot Misses the Net.
2:07 of 2nd period - Minor Penalty to Dave Bolland for Tripping.
2:07 of 2nd period - Minor Penalty to Anton Volchenkov for Hooking.
2:08 of 2nd period - David Legwand wins face-off versus Frans Nielsen in Rangers zone.
2:31 of 2nd period - Shot by Frans Nielsen.
2:31 of 2nd period - Stopped by Jean-Sebastien Giguere without a rebound.
2:32 of 2nd period - Sidney Crosby wins face-off versus David Legwand in Rangers zone.
2:32 of 2nd period - Martin St. Louis is hit by Chris Tanev.
2:50 of 2nd period - Shot by Sidney Crosby.
2:50 of 2nd period - Deflect By Martin St. Louis.
2:50 of 2nd period - Stopped by Jean-Sebastien Giguere with a rebound.
2:56 of 2nd period - Shot by Sidney Crosby.
2:56 of 2nd period - Shot Blocked by Karl Alzner.
2:58 of 2nd period - Shot by Lubomir Visnovsky.
2:58 of 2nd period - Shot Blocked by Karl Alzner.
2:58 of 2nd period - Karl Alzner from Rangers is injured at 2:58 of 2nd period (Right Knee).
2:59 of 2nd period - Frans Nielsen wins face-off versus David Legwand in Rangers zone.
3:12 of 2nd period - Shot by Frans Nielsen.
3:12 of 2nd period - Stopped by Jean-Sebastien Giguere without a rebound.
3:13 of 2nd period - Frans Nielsen wins face-off versus David Legwand in Rangers zone.
3:28 of 2nd period - Shot by Patrick Sharp.
3:28 of 2nd period - Shot Misses the Net.
4:34 of 2nd period - Shot by Mason Raymond.
4:34 of 2nd period - Goal by Mason Raymond - Rangers : 0 - Senators : 5.
4:35 of 2nd period - Mikael Backlund wins face-off versus Martin St. Louis in neutral zone.
4:38 of 2nd period - Shot by Chris Tanev.
4:38 of 2nd period - Stopped by Carey Price with a rebound.
5:44 of 2nd period - Shot by Frans Nielsen.
5:44 of 2nd period - Stopped by Jean-Sebastien Giguere without a rebound.
5:45 of 2nd period - Dave Bolland wins face-off versus Sean Couturier in Rangers zone.
6:03 of 2nd period - Shot by Mason Raymond.
6:03 of 2nd period - Stopped by Jean-Sebastien Giguere with a rebound.
6:14 of 2nd period - Mason Raymond is hit by Alex Goligoski.
6:18 of 2nd period - Shot by Mika Zibanejad.
6:18 of 2nd period - Stopped by Jean-Sebastien Giguere without a rebound.
6:19 of 2nd period - Sidney Crosby wins face-off versus David Legwand in Rangers zone.
6:26 of 2nd period - Shot by Anton Volchenkov.
6:26 of 2nd period - Stopped by Carey Price without a rebound.
6:27 of 2nd period - Sidney Crosby wins face-off versus David Legwand in Senators zone.
7:12 of 2nd period - Shot by Sidney Crosby.
7:12 of 2nd period - Stopped by Jean-Sebastien Giguere without a rebound.
7:13 of 2nd period - Frans Nielsen wins face-off versus Mikael Backlund in Rangers zone.
7:24 of 2nd period - Shot by Frans Nielsen.
7:24 of 2nd period - Stopped by Jean-Sebastien Giguere without a rebound.
7:25 of 2nd period - Sean Couturier wins face-off versus Mika Zibanejad in Rangers zone.
7:34 of 2nd period - Shot by Mika Zibanejad.
7:34 of 2nd period - Deflect By Mark Stone.
7:34 of 2nd period - Stopped by Jean-Sebastien Giguere without a rebound.
7:35 of 2nd period - Frans Nielsen wins face-off versus Mikael Backlund in Rangers zone.
8:30 of 2nd period - Icing by Duncan Keith.
8:31 of 2nd period - Sean Couturier wins face-off versus Frans Nielsen in Senators zone.
8:32 of 2nd period - Shot by Alex Goligoski.
8:32 of 2nd period - Stopped by Carey Price with a rebound.
9:48 of 2nd period - Icing by David Legwand.
9:49 of 2nd period - David Legwand wins face-off versus Travis Moen in Rangers zone.
9:49 of 2nd period - David Legwand is hit by Mika Zibanejad.
10:03 of 2nd period - Minor Penalty to Anton Volchenkov for Slashing.
10:04 of 2nd period - Frans Nielsen wins face-off versus Craig Smith in Rangers zone.
10:26 of 2nd period - Shot by Frans Nielsen.
10:26 of 2nd period - Stopped by Jean-Sebastien Giguere without a rebound.
10:27 of 2nd period - Sidney Crosby wins face-off versus Craig Smith in Rangers zone.
10:58 of 2nd period - Shot by Martin St. Louis.
10:58 of 2nd period - Stopped by Jean-Sebastien Giguere without a rebound.
10:59 of 2nd period - Frans Nielsen wins face-off versus Sean Couturier in Rangers zone.
11:42 of 2nd period - Shot by Frans Nielsen.
11:42 of 2nd period - Shot Blocked by Alex Goligoski.
11:44 of 2nd period - Shot by Pavel Datsyuk.
11:44 of 2nd period - Shot Misses the Net.
12:06 of 2nd period - Shot by Martin St. Louis.
12:06 of 2nd period - Shot Blocked by Anton Volchenkov.
12:08 of 2nd period - Shot by Mason Raymond.
12:08 of 2nd period - Shot Misses the Net.
12:14 of 2nd period - Shot by Mason Raymond.
12:14 of 2nd period - Shot Misses the Net.
12:44 of 2nd period - Shot by Mason Raymond.
12:44 of 2nd period - Shot Hit the Post.
12:55 of 2nd period - Alex Goligoski is hit by Lubomir Visnovsky.
13:13 of 2nd period - Chris Tanev is hit by Sidney Crosby and loses puck.
13:26 of 2nd period - Shot by Sidney Crosby.
13:26 of 2nd period - Shot Misses the Net.
13:51 of 2nd period - Chris Tanev is hit by Jared Cowen and loses puck.
16:02 of 2nd period - Shot by Sean Couturier.
16:02 of 2nd period - Shot Misses the Net.
16:36 of 2nd period - Shot by Tomas Tatar.
16:36 of 2nd period - Shot Misses the Net.
16:38 of 2nd period - Shot by Steve Downie.
16:38 of 2nd period - Stopped by Carey Price with a rebound.
16:40 of 2nd period - Shot by Kris Russell.
16:40 of 2nd period - Stopped by Carey Price with a rebound.
16:42 of 2nd period - Shot by David Legwand.
16:42 of 2nd period - Shot Blocked by Duncan Keith.
16:44 of 2nd period - Shot by David Legwand.
16:44 of 2nd period - Goal by David Legwand - Rangers : 1 - Senators : 5.
16:45 of 2nd period - Mark Letestu wins face-off versus Frans Nielsen in neutral zone.
16:45 of 2nd period - Mark Letestu is hit by Pavel Datsyuk.
17:41 of 2nd period - Shot by Dave Bolland.
17:41 of 2nd period - Shot Blocked by Anton Volchenkov.
17:45 of 2nd period - Shot by Marc Staal.
17:45 of 2nd period - Shot Misses the Net.
17:49 of 2nd period - Shot by Dave Bolland.
17:49 of 2nd period - Stopped by Jean-Sebastien Giguere without a rebound.
17:50 of 2nd period - Mika Zibanejad wins face-off versus Sean Couturier in Rangers zone.
17:54 of 2nd period - Minor Penalty to Travis Moen for Boarding.
17:54 of 2nd period - Minor Penalty to Kris Russell for High sticking.
17:55 of 2nd period - Frans Nielsen wins face-off versus David Legwand in Rangers zone.
18:11 of 2nd period - Icing by Joffrey Lupul.
18:12 of 2nd period - Sidney Crosby wins face-off versus David Legwand in Rangers zone.
18:18 of 2nd period - Icing by Joffrey Lupul.
18:19 of 2nd period - David Legwand wins face-off versus Sidney Crosby in Rangers zone.
18:32 of 2nd period - Shot by David Legwand.
18:32 of 2nd period - Stopped by Carey Price without a rebound.
18:33 of 2nd period - David Legwand wins face-off versus Frans Nielsen in Senators zone.
18:49 of 2nd period - Shot by Chris Tanev.
18:49 of 2nd period - Stopped by Carey Price without a rebound.
18:50 of 2nd period - Sidney Crosby wins face-off versus David Legwand in Senators zone.
18:55 of 2nd period - Chris Tanev is hit by Martin St. Louis and loses puck.
19:54 of 2nd period - Shot by Mikael Backlund.
19:54 of 2nd period - Shot Misses the Net.
Goals for this period are 1 for Rangers vs 1 for Senators.
Shots for this period are 8 for Rangers vs 14 for Senators.

3rd period


0:01 of 3rd period - Mikael Backlund wins face-off versus Gustav Nyquist in neutral zone.
0:01 of 3rd period - Mikael Backlund is hit by Gustav Nyquist.
0:04 of 3rd period - Kris Russell is hit by Duncan Keith and loses puck.
0:13 of 3rd period - Shot by Sidney Crosby.
0:13 of 3rd period - Shot Misses the Net.
0:25 of 3rd period - Shot by Sidney Crosby.
0:25 of 3rd period - Stopped by Jean-Sebastien Giguere with a rebound.
0:27 of 3rd period - Shot by Duncan Keith.
0:27 of 3rd period - Shot Blocked by Alex Goligoski.
0:35 of 3rd period - Shot by Martin St. Louis.
0:35 of 3rd period - Deflect By Sidney Crosby.
0:35 of 3rd period - Shot Blocked by Joffrey Lupul.
0:59 of 3rd period - Shot by Pavel Datsyuk.
0:59 of 3rd period - Shot Blocked by Alex Goligoski.
1:03 of 3rd period - Shot by Frans Nielsen.
1:03 of 3rd period - Shot Blocked by Alex Goligoski.
1:05 of 3rd period - Shot by Pavel Datsyuk.
1:05 of 3rd period - Shot Misses the Net.
1:07 of 3rd period - Shot by Jan Hejda.
1:07 of 3rd period - Shot Misses the Net.
1:13 of 3rd period - Shot by Patrick Sharp.
1:13 of 3rd period - Shot Misses the Net.
1:35 of 3rd period - Shot by Patrick Sharp.
1:35 of 3rd period - Shot Misses the Net.
1:37 of 3rd period - Shot by Frans Nielsen.
1:37 of 3rd period - Stopped by Jean-Sebastien Giguere without a rebound.
1:38 of 3rd period - Dave Bolland wins face-off versus Sean Couturier in Rangers zone.
2:15 of 3rd period - Shot by Craig Smith.
2:15 of 3rd period - Shot Blocked by Jared Cowen.
2:25 of 3rd period - Jared Cowen is hit by Craig Smith and loses puck.
2:48 of 3rd period - Shot by Sidney Crosby.
2:48 of 3rd period - Shot Misses the Net.
2:52 of 3rd period - Shot by Sidney Crosby.
2:52 of 3rd period - Stopped by Jean-Sebastien Giguere without a rebound.
2:53 of 3rd period - Sidney Crosby wins face-off versus Mark Letestu in Rangers zone.
2:53 of 3rd period - Martin St. Louis is hit by Anton Volchenkov and loses puck.
3:03 of 3rd period - Icing by Anton Volchenkov.
3:04 of 3rd period - Sidney Crosby wins face-off versus Mark Letestu in Rangers zone.
3:56 of 3rd period - Icing by Chris Tanev.
3:57 of 3rd period - Frans Nielsen wins face-off versus Mark Letestu in Rangers zone.
4:40 of 3rd period - Shot by Jaromir Jagr.
4:40 of 3rd period - Shot Misses the Net.
4:46 of 3rd period - Shot by Mikael Backlund.
4:46 of 3rd period - Stopped by Carey Price without a rebound.
4:47 of 3rd period - Dave Bolland wins face-off versus Sean Couturier in Senators zone.
4:49 of 3rd period - Icing by Mason Raymond.
4:50 of 3rd period - Sean Couturier wins face-off versus Dave Bolland in Senators zone.
6:05 of 3rd period - Icing by Erik Gustafsson.
6:06 of 3rd period - David Legwand wins face-off versus Dave Bolland in Senators zone.
6:09 of 3rd period - Shot by David Legwand.
6:09 of 3rd period - Shot Misses the Net.
7:06 of 3rd period - Shot by Martin St. Louis.
7:06 of 3rd period - Shot Blocked by David Legwand.
7:08 of 3rd period - Shot by Martin St. Louis.
7:08 of 3rd period - Stopped by Jean-Sebastien Giguere with a rebound.
7:10 of 3rd period - Shot by Duncan Keith.
7:10 of 3rd period - Stopped by Jean-Sebastien Giguere without a rebound.
7:11 of 3rd period - Mikael Backlund wins face-off versus Frans Nielsen in Rangers zone.
7:28 of 3rd period - Shot by Mikael Backlund.
7:28 of 3rd period - Stopped by Carey Price without a rebound.
7:29 of 3rd period - Sean Couturier wins face-off versus Sidney Crosby in Senators zone.
7:52 of 3rd period - Shot by Sidney Crosby.
7:52 of 3rd period - Stopped by Jean-Sebastien Giguere without a rebound.
7:53 of 3rd period - Mikael Backlund wins face-off versus Frans Nielsen in Rangers zone.
8:00 of 3rd period - Shot by Joffrey Lupul.
8:00 of 3rd period - Stopped by Carey Price with a rebound.
8:20 of 3rd period - Alex Goligoski is hit by Pavel Datsyuk and loses puck.
9:05 of 3rd period - Shot by Sidney Crosby.
9:05 of 3rd period - Shot Misses the Net.
9:43 of 3rd period - Shot by Ron Hainsey.
9:43 of 3rd period - Stopped by Jean-Sebastien Giguere without a rebound.
9:44 of 3rd period - David Legwand wins face-off versus Mika Zibanejad in Rangers zone.
10:30 of 3rd period - Ron Hainsey is hit by Devin Setoguchi and loses puck.
11:47 of 3rd period - Martin St. Louis is hit by Joffrey Lupul and loses puck.
11:55 of 3rd period - Icing by Lubomir Visnovsky.
11:56 of 3rd period - Sidney Crosby wins face-off versus Tyler Ennis in Senators zone.
12:23 of 3rd period - Shot by Sidney Crosby.
12:23 of 3rd period - Stopped by Jean-Sebastien Giguere with a rebound.
12:57 of 3rd period - Shot by Steve Downie.
12:57 of 3rd period - Stopped by Carey Price without a rebound.
12:58 of 3rd period - Mikael Backlund wins face-off versus Frans Nielsen in Senators zone.
13:05 of 3rd period - Shot by Joffrey Lupul.
13:05 of 3rd period - Shot Misses the Net.
13:11 of 3rd period - Chris Tanev is hit by Patrick Sharp and loses puck.
13:18 of 3rd period - Shot by Patrick Sharp.
13:18 of 3rd period - Stopped by Jean-Sebastien Giguere with a rebound.
13:20 of 3rd period - Shot by Frans Nielsen.
13:20 of 3rd period - Shot Blocked by Derek Morris.
13:32 of 3rd period - Shot by Frans Nielsen.
13:32 of 3rd period - Shot Misses the Net.
13:34 of 3rd period - Shot by Marc Staal.
13:34 of 3rd period - Stopped by Jean-Sebastien Giguere without a rebound.
13:35 of 3rd period - Dave Bolland wins face-off versus Sean Couturier in Rangers zone.
13:41 of 3rd period - Icing by Kris Russell.
13:42 of 3rd period - Sean Couturier wins face-off versus Dave Bolland in Rangers zone.
14:03 of 3rd period - Shot by Mason Raymond.
14:03 of 3rd period - Shot Blocked by Alex Goligoski.
14:19 of 3rd period - Shot by Craig Smith.
14:19 of 3rd period - Shot Misses the Net.
14:21 of 3rd period - Shot by Kris Russell.
14:21 of 3rd period - Stopped by Carey Price without a rebound.
14:22 of 3rd period - Mikael Backlund wins face-off versus Sidney Crosby in Senators zone.
14:25 of 3rd period - Shot by Joffrey Lupul.
14:25 of 3rd period - Deflect By Mikael Backlund.
14:25 of 3rd period - Shot Misses the Net.
14:35 of 3rd period - Shot by Mikael Backlund.
14:35 of 3rd period - Shot Misses the Net.
14:49 of 3rd period - Gustav Nyquist is hit by Joffrey Lupul and loses puck.
15:43 of 3rd period - Patrick Sharp is hit by Kris Russell and loses puck.
16:04 of 3rd period - Shot by Pavel Datsyuk.
16:04 of 3rd period - Stopped by Jean-Sebastien Giguere without a rebound.
16:05 of 3rd period - Sean Couturier wins face-off versus Dave Bolland in Rangers zone.
16:05 of 3rd period - Sean Couturier is hit by Dave Bolland.
16:47 of 3rd period - Shot by Mika Zibanejad.
16:47 of 3rd period - Stopped by Jean-Sebastien Giguere without a rebound.
16:48 of 3rd period - Mikael Backlund wins face-off versus Frans Nielsen in Rangers zone.
16:59 of 3rd period - Shot by Mikael Backlund.
16:59 of 3rd period - Stopped by Carey Price without a rebound.
17:00 of 3rd period - Sidney Crosby wins face-off versus Mark Letestu in Senators zone.
17:17 of 3rd period - Shot by Gustav Nyquist.
17:17 of 3rd period - Stopped by Jean-Sebastien Giguere without a rebound.
17:18 of 3rd period - Frans Nielsen wins face-off versus Mikael Backlund in Rangers zone.
17:45 of 3rd period - Shot by Pavel Datsyuk.
17:45 of 3rd period - Stopped by Jean-Sebastien Giguere without a rebound.
17:46 of 3rd period - Sidney Crosby wins face-off versus Sean Couturier in Rangers zone.
18:22 of 3rd period - Shot by Tyler Ennis.
18:22 of 3rd period - Stopped by Carey Price without a rebound.
18:23 of 3rd period - Frans Nielsen wins face-off versus Mikael Backlund in Senators zone.
18:38 of 3rd period - Shot by Pavel Datsyuk.
18:38 of 3rd period - Deflect By Patrick Sharp.
18:38 of 3rd period - Stopped by Jean-Sebastien Giguere without a rebound.
18:39 of 3rd period - Travis Moen wins face-off versus David Legwand in Rangers zone.
19:12 of 3rd period - Shot by Tomas Tatar.
19:12 of 3rd period - Shot Misses the Net.
19:18 of 3rd period - Tomas Tatar is hit by Mika Zibanejad and loses puck.
19:24 of 3rd period - Icing by Derek Morris.
19:25 of 3rd period - Sidney Crosby wins face-off versus David Legwand in Rangers zone.
19:58 of 3rd period - Shot by Sidney Crosby.
19:58 of 3rd period - Stopped by Jean-Sebastien Giguere without a rebound.
19:59 of 3rd period - Frans Nielsen wins face-off versus Mikael Backlund in Rangers zone.
Goals for this period are 0 for Rangers vs 0 for Senators.
Shots for this period are 7 for Rangers vs 16 for Senators.


Output by the SimonT Hockey Simulator (STHS) for Stephane Roy -- Original Page W3C XHTML 1.0 Valid
Hockey Simulator - Hockey Simulation - Hockey Manager